 Dungeon Crawl Stone Soup version 0.18.1-48-g4cf74bf (webtiles) character file.

7681 MovingMist the Cleaver (level 11, -1/101 HPs)
             Began as a Minotaur Fighter on July 29, 2016.
             Was the Champion of Okawaru.
             Slain by a tengu warrior
             ... wielding a +0 dire flail
              (8 damage)
             ... on level 10 of the Dungeon.
             The game lasted 00:37:03 (7409 turns).

MovingMist the Cleaver (Minotaur Fighter)           Turns: 7409, Time: 00:37:04

Health: -1/101     AC: 19    Str: 25    XL:     11   Next: 0%
Magic:  8/10       EV: 13    Int:  5    God:    Okawaru [******]
Gold:   474        SH:  0    Dex: 12    Spells: 0 memorised, 10 levels left

rFire  . . .     SeeInvis .     y - +4 hand axe (freeze)
rCold  . . .     Gourm    .     F - +0 plate armour
rNeg   . . .     Faith    +     (no shield)
rPois  .         Spirit   .     (helmet restricted)
rElec  .         Dismiss  .     (no cloak)
rCorr  +         Reflect  .     (no gloves)
SustAt .         Harm     .     j - +1 pair of boots
MR     .....                    p - amulet of faith
Stlth  ..........               P - ring of resist corrosion
                                s - +3 ring of strength

@: heroism, drained, not resistant to hostile enchantments, extremely unstealthy
A: retaliatory headbutt, horns 2
a: Heroism, Finesse, Renounce Religion


You were on level 10 of the Dungeon.
You worshipped Okawaru.
Okawaru was exalted by your worship.
You were very hungry.

You visited 3 branches of the dungeon, and saw 12 of its levels.

You collected 474 gold pieces.

Inventory:

Hand Weapons
 y - a +4 hand axe of freezing (weapon)
 T - a +5 quarterstaff of speed
Armour
 j - a +1 pair of boots (worn)
 F - a +0 plate armour (worn)
Jewellery
 g - an uncursed ring of sustain attributes
 n - a +3 ring of dexterity
 p - an amulet of faith (around neck)
 s - a +3 ring of strength (left hand)
 J - an uncursed ring of see invisible
 P - a ring of resist corrosion (right hand)
Wands
 h - a wand of flame (26/48)
 C - a wand of flame (19/48)
 G - a wand of iceblast (9/15)
 H - a wand of lightning (7/15)
 I - a wand of flame (33/48)
 L - a wand of acid (15/15)
 M - a wand of lightning (2/15)
 O - a wand of flame (23/48)
 Q - a wand of confusion (34/48)
Scrolls
 a - 3 scrolls of enchant armour
 l - 5 scrolls of remove curse
 r - a scroll of amnesia
 w - 3 scrolls of magic mapping
 D - a scroll of blinking
 K - 4 scrolls of identify
 S - a scroll of fear
Potions
 b - a potion of resistance
 d - 3 potions of might
 e - a potion of curing
 i - 2 potions of magic
 k - 2 potions of berserk rage
 m - a potion of cure mutation
 o - 8 potions of degeneration
 q - a potion of ambrosia {unknown}
 t - a potion of lignification {unknown}
 u - a potion of cancellation {unknown}
 x - a potion of mutation {unknown}
 A - 2 potions of invisibility
 E - a potion of flight {unknown}
 N - a potion of brilliance {unknown}
 R - a potion of haste
 U - a potion of heal wounds {unknown}
Comestibles
 c - 8 fruits
 f - 11 bread rations
 v - 2 slices of pizza
 z - 2 meat rations
 B - 9 beef jerkies


   Skills:
 + Level 10.8(14.9) Fighting
 + Level 11.4(15.3) Axes
 + Level 10.7(14.7) Armour
 + Level 9.3(13.4) Dodging
   Level 3.7(7.8) Shields


You had 10 spell levels left.
You didn't know any spells.

Dungeon Overview and Level Annotations

Branches:
Dungeon (10/15)            Temple (1/1) D:4             Orc (1/2) D:9
   Lair: D:8-11

Altars:
Ashenzari
Cheibriados
Dithmenos
Elyvilon
Fedhas
Gozag
Kikubaaqudgha
Makhleb
Nemelex Xobeh
Okawaru
Pakellas
Qazlal
Ru
Sif Muna
Trog
Vehumet
Xom
Yredelemnul
Zin
The Shining One

Annotations:
Orc:1 Josephine


Innate Abilities, Weirdness & Mutations

You reflexively headbutt those who attack you in melee.
You have a pair of horns on your head.


Message History

The tengu warrior pecks you but does no damage.
The tengu warrior claws you but does no damage.
Your plate armour prevents you from hitting the tengu warrior.
The tengu warrior is heavily wounded.
The tengu warrior closely misses you. The tengu warrior barely misses you. x2
You hit the tengu warrior. You freeze the tengu warrior.
Your headbutt misses the tengu warrior.
The tengu warrior is severely wounded.
You miss the tengu warrior.
The tengu warrior is severely wounded.
The tengu warrior hits you with a dire flail.
* * * LOW HITPOINT WARNING * * *
The tengu warrior pecks you but does no damage.
The tengu warrior claws you.
* * * LOW HITPOINT WARNING * * *
Unknown command.
Drink which item? (? for menu, Esc to quit)
You feel better.
The tengu warrior hits you with a dire flail!
You die...

..### #..# 8+8 ## ##
###..# #$#..# ..
#...)# ..#..##..
###....# ..#......
#......# ##$#......
#....^.# #8'8......
#....#.## #.........
#.......######.†....#
#####.....@QC.......#
########F.......#
########.# .. ##


You could see a hill giant, a tengu warrior and a giant frog.

Vanquished Creatures
  Erolcha (D:8)
  Nergalle (D:10)
  A hill giant (D:10)
  Pikel (D:8)
  3 trolls
  Sigmund (D:5)
  The ghost of Gartch3 the Firebug, an amateur DEFE of Vehumet (D:5)
  4 yaks (D:10)
  A hippogriff (D:7)
  A hungry ghost (D:7)
  Menkaure (D:4)
  A swamp drake (D:9)
  2 orc warriors (D:9)
  2 ice beasts
  A phantom (D:7)
  An eye of draining (D:10)
  An ogre (D:7)
  A necrophage (D:7)
  3 centaurs
  Blork the orc (D:5)
  A big kobold (D:8)
  4 giant frogs
  3 scorpions
  5 killer bees (D:10)
  4 wights (D:6)
  2 howler monkeys
  A centaur zombie (D:10)
  4 crimson imps
  3 hounds
  A quasit (D:8)
  Crazy Yiuf (D:7)
  7 orc priests
  6 jellies
  A centaur skeleton (D:8)
  2 giant frog skeletons
  8 orc wizards
  Ijyb (D:2)
  2 iguanas
  4 worker ants
  A hound zombie (D:5)
  6 gnolls (D:4)
  A howler monkey skeleton (D:5)
  14 adders
  An adder zombie (D:8)
  3 worms
  3 dart slugs
  7 giant geckos
  38 orcs
  6 giant cockroaches
  17 hobgoblins
  8 jackals
  3 quokkas
  8 bats
  A giant gecko zombie (D:5)
  4 giant newts
  14 goblins
  14 kobolds
  2 rats
240 creatures vanquished.

Vanquished Creatures (others)
  A rakshasa (D:7)
  4 howler monkeys (D:8)
  An orc (D:9)
6 creatures vanquished.

Grand Total: 246 creatures vanquished

Notes
Turn   | Place    | Note
--------------------------------------------------------------
     0 | D:1      | MovingMist the Minotaur Fighter began the quest for the Orb.
     0 | D:1      | Reached XP level 1. HP: 19/19 MP: 0/0
   269 | D:1      | Reached XP level 2. HP: 26/27 MP: 1/1
   344 | D:1      | Reached skill level 3 in Axes
   774 | D:2      | Reached XP level 3. HP: 33/33 MP: 2/2
   784 | D:2      | Reached skill level 1 in Dodging
  1093 | D:2      | Reached skill level 8 in Axes
  1093 | D:2      | Reached skill level 5 in Dodging
  1093 | D:2      | Reached XP level 4. HP: 29/45 MP: 3/3
  1231 | D:2      | Noticed Ijyb
  1240 | D:2      | Killed Ijyb
  1240 | D:2      | Reached XP level 5. HP: 52/52 MP: 4/4
  1523 | D:3      | Found a stormy altar of Qazlal.
  2057 | D:3      | Found a faded altar to an unknown god.
  2110 | D:4      | Reached XP level 6. HP: 35/60 MP: 5/5
  2622 | D:4      | Noticed Menkaure
  2628 | D:4      | Killed Menkaure
  2628 | D:4      | Reached skill level 9 in Axes
  2628 | D:4      | Reached XP level 7. HP: 50/67 MP: 6/6
  2862 | D:4      | Found a staircase to the Ecumenical Temple.
  2887 | Temple   | Entered the Ecumenical Temple
  2894 | Temple   | Became a worshipper of Warmaster Okawaru
  2953 | D:5      | Entered Level 5 of the Dungeon
  3060 | D:5      | Noticed Gartch3's ghost (amateur DEFE)
  3075 | D:5      | Killed Gartch3's ghost
  3153 | D:5      | Reached XP level 8. HP: 41/74 MP: 7/7
  3199 | D:5      | Found a sparkling altar of Nemelex Xobeh.
  3270 | D:5      | Noticed Blork the orc
  3272 | D:5      | Reached * piety under Okawaru
  3282 | D:5      | Killed Blork the orc
  3550 | D:5      | Noticed Sigmund
  3559 | D:5      | Killed Sigmund
  3656 | D:6      | Reached ** piety under Okawaru
  3668 | D:6      | Found a sacrificial altar of Ru.
  3782 | D:6      | Found a radiant altar of Vehumet.
  4287 | D:7      | Found a shattered altar of Ashenzari.
  4330 | D:7      | Got a bloodstained scale mail
  4341 | D:7      | Identified the +0 scale mail of Peyhuble {MP-9 Int+7} (You found it on level 7 of the Dungeon)
  4445 | D:7      | Reached XP level 9. HP: 77/82 MP: 8/8
  4504 | D:7      | Noticed Crazy Yiuf
  4510 | D:7      | Killed Crazy Yiuf
  4550 | D:7      | Reached *** piety under Okawaru
  4582 | D:7      | Reached skill level 10 in Axes
  4892 | D:7      | Found an oddly glowing altar of Pakellas.
  4892 | D:7      | Noticed a rakshasa
  4902 | D:7      | Killed a rakshasa
  5122 | D:8      | Noticed Erolcha
  5133 | D:8      | Killed Erolcha
  5133 | D:8      | Reached **** piety under Okawaru
  5340 | D:8      | Noticed Pikel
  5346 | D:8      | Killed Pikel
  5346 | D:8      | Reached ***** piety under Okawaru
  5346 | D:8      | Reached skill level 10 in Fighting
  5346 | D:8      | Reached XP level 10. HP: 84/93 MP: 9/9
  5477 | D:8      | Found a radiant altar of Vehumet.
  5803 | D:9      | Identified a scroll of acquirement
  5911 | D:9      | Found a staircase to the Orcish Mines.
  6442 | D:9      | Reached skill level 10 in Armour
  6617 | Orc:1    | Entered Level 1 of the Orcish Mines
  6638 | Orc:1    | Noticed Josephine
  6679 | D:10     | Entered Level 10 of the Dungeon
  6766 | D:10     | Noticed a hill giant
  6783 | D:10     | Killed a hill giant
  6783 | D:10     | Reached skill level 11 in Axes
  6930 | D:10     | Noticed Nergalle
  6976 | D:10     | Killed Nergalle
  6976 | D:10     | Reached ****** piety under Okawaru
  7316 | D:10     | Received a gift from Okawaru
  7375 | D:10     | Noticed a tengu warrior
  7376 | D:10     | Noticed a hill giant
  7394 | D:10     | Reached XP level 11. HP: 35/101 MP: 10/10
  7408 | D:10     | HP: 2/101 [tengu warrior/dire flail (5)]
  7409 | D:10     | Slain by a tengu warrior

Skill      XL: |  1  2  3  4  5  6  7  8  9 10 |
---------------+-------------------------------+-----
Axes           | 3 8 9 10 11 | 11.4
Armour         | 4 7 8 9 10 | 10.7
Dodging        | 5 6 7 8 9 |  9.3
Fighting       | 6 7 8 10 | 10.8
Shields        | |  3.7

Action                   |  1- 3 |  4- 6 |  7- 9 | 10-12 || total
-------------------------+-------+-------+-------+-------++-------
Melee: War axe           |    84 |    92 |     5 |       ||   181
       Headbutt          |     4 |    14 |    52 |    52 ||   122
       Hand axe          |       |       |   246 |   214 ||   460
       Punch             |       |       |       |     1 ||     1
Invok: Heroism           |       |       |       |     1 ||     1
  Use: Scroll            |     8 |     3 |     6 |     5 ||    22
       Potion            |     1 |     1 |       |     3 ||     5
  Eat: Chunk             |     1 |     5 |    10 |     5 ||    21
Armor: Scale mail        |    51 |    39 |    34 |       ||   124
       Chain mail        |       |       |    81 |       ||    81
       Plate armour      |       |       |       |   120 ||   120
Dodge: Dodged            |    60 |    61 |   134 |   107 ||   362
Block: Shield            |     8 |       |       |       ||     8
